Workbook
Name Countries: '[1]Code lists'!$I$3:$K$24
Name Countries: #REF!
Name Countries1: '[1]Code lists'!$E$3:$E$19
Name Countries1: #REF!
Name Currencies: '[1]Code lists'!$B$3:$B$22
Name Currencies: #REF!
Name Regions1: '[1]Code lists'!$G$3:$G$10
Name Regions1: #REF!

Sheet 1. General information
B2: CEER 2018 electricity benchmark financial reporting template: General information
B4: Version 3 May 2018
B5: Final version + changes due to Workshop II
B6: Note that this version is optional, you are allowed to use the version of 8 March and to include the changes yourself
B7: See below from line 85 for an overview of the changes due to Workshop II
B9: Legend
B10: Data entry
B11: Calculated fields
B12: Fields that should be left blank
B13: - Please fill in all green fields and only these green fields.
B14: - When a green field requires monetary units, please use whole monetary units (not thousands or millions).
B15: - To avoid misunderstandings, always fill in an explicit “0” if that is the case.
... B23: Accounting standard used for financial reporting
B24: Standard (e.g. IFRS) | C24: Used from (and incl.) | D24: Used until (and incl.)
B33: Currencies reported
B34: Year | C34: Currency
B35: 2017
B36: =IF(ISNUMBER(B35),IF(B35>$G$9,B35-1,"NA"),"NA") -> 2016
B37: =IF(ISNUMBER(B36),IF(B36>$G$9,B36-1,"NA"),"NA") -> 2015
B38: =IF(ISNUMBER(B37),IF(B37>$G$9,B37-1,"NA"),"NA") -> 2014
B39: =IF(ISNUMBER(B38),IF(B38>$G$9,B38-1,"NA"),"NA") -> 2013
B40: =IF(ISNUMBER(B39),IF(B39>$G$9,B39-1,"NA"),"NA") -> 2012
B41: =IF(ISNUMBER(B40),IF(B40>$G$9,B40-1,"NA"),"NA") -> 2011
B42: =IF(ISNUMBER(B41),IF(B41>$G$9,B41-1,"NA"),"NA") -> 2010
B43: =IF(ISNUMBER(B42),IF(B42>$G$9,B42-1,"NA"),"NA") -> 2009
B44: =IF(ISNUMBER(B43),IF(B43>$G$9,B43-1,"NA"),"NA") -> 2008
B45: =IF(ISNUMBER(B44),IF(B44>$G$9,B44-1,"NA"),"NA") -> 2007
B46: =IF(ISNUMBER(B45),IF(B45>$G$9,B45-1,"NA"),"NA") -> 2006
B47: =IF(ISNUMBER(B46),IF(B46>$G$9,B46-1,"NA"),"NA") -> 2005
... B79: =IF(ISNUMBER(B78),IF(B78>$G$9,B78-1,"NA"),"NA") -> 1973
B80: <1973
B85: Changes due to Workshop II
B86: Table 2a. (Dis)investment stream. Column D: formula changed to include capitalized land, capitalized borrowing costs and capitalized planning costs
B87: Table 2a. (Dis)investment stream. Column AB: reference changed from column C to column D
B88: Table 2a. (Dis)investment stream. Column AD: 'Intangible assets (software only) from audited financial statements' changed into 'Intangible assets (planning costs 2013-2017 only) from audited financial statements'
B89: Table 2a. (Dis)investment stream. Column AD: green cells for 2012 and earlier greyed out
B90: Table 2a. (Dis)investment stream. Column AE: check improved to include netted investment contributions
B91: Table 2a. (Dis)investment stream. Formatting of yellow cells under net investment stream changed to nil decimals
B92: Table 2b. Spec. used assets. Introduced a split between investments in pre and post 1973 assets. The remaining lifetime has to be calculated for post 1973 assets only
B93: Table 2b. Spec. used assets. Column header 'Remaining weighted average technical lifetime in year of acquisition' changed into 'Remaining weighted average technical lifetime (in years) in year of acquisition'.
B94: Table 2c. Spec. rehabilitations. Formatting of green cells in column F changed
B95: Table 3. Expenses . Reversed O and I
... B103: Remarks. Added a line to for the rehabilitation policy

Sheet 2a. (Dis)investment stream
B2: CEER 2018 electricity benchmark financial reporting template: (Dis)investment stream
B4: ='1. General information'!C19 -> 0
B5: ='1. General information'!C20 -> 0
B7: Please specify the capitalization threshold:
D8: Currency | E8: Capitalization threshold
B9: 1. Lines and towers | D9: ='1. General information'!$C$35 -> 0
B10: 2. Cables | D10: ='1. General information'!$C$35 -> 0
B11: 3. Substations: (including transformers and circuit ends) | D11: ='1. General information'!$C$35 -> 0
B12: 4. Compensating devices | D12: ='1. General information'!$C$35 -> 0
B13: 5. Series compensation | D13: ='1. General information'!$C$35 -> 0
B14: 6. Control centers | D14: ='1. General information'!$C$35 -> 0
B15: 7. Other installations | D15: ='1. General information'!$C$35 -> 0
B16: 8. Grid-related equipment and vehicles | D16: ='1. General information'!$C$35 -> 0
B18: Gross investment stream (incl. used assets and rehabilitations)
D19: Activity ==> | F19: All | J19: All | M19: Transport, grid maintenance, grid planning (T, M, P) | V19: Offshore (TO) | W19: Storage facility (SF) | X19: Any other activity (O) | Y19: Indirect (I) | AB19: Check with audited financial statements
M20: 1. Lines and towers | N20: 2. Cables | O20: 3. Substations: (including transformers and circuit ends) | P20: 4. Compensating devices | Q20: 5. Series compensation | R20: 6. Control centers | S20: 7. Other installations | T20: 8. Grid-related equipment and vehicles | V20: All asset categories | W20: All asset categories | X20: All asset categories | Y20: Main office building | Z20: Any other asset category | AB20: Total investment Incl. capitalized borrowing, land, and planning costs | AC20: Tangible fixed assets from audited financial statements | AD20: Intangible assets (planning costs 2013-2017 only) from audited financial statements | AE20: Check: Total investments in investment stream = total investments in audited financial statements | AF20: Investment contributions if not netted in investments | AG20: Investment contributions from audited financial statements | AH20: Check: Total investments in investment stream = total investments in audited financial statements
B21: Year | C21: Currency | D21: Total investment Incl. capitalized borrowing, land, and planning costs | F21: Capitalized borrowing costs | G21: Capitalized land costs | H21: Capitalized planning costs | J21: Investment contributions | K21: Investment contributions netted in investment stream? (yes/no) | M21: Investment | N21: Investment | O21: Investment | P21: Investment | Q21: Investment | R21: Investment | S21: Investment | T21: Investment | V21: Investment | W21: Investment | X21: Investment | Y21: Investment | Z21: Investment | AB21: Investment | AC21: Investment | AD21: Investment | AE21: True/false | AF21: Investment contributions | AG21: Investment contributions | AH21: True/false
B22: 2017 | C22: ='1. General information'!$C35 -> 0 | D22: =IF(K22="yes",J22,0)+SUM(F22:H22,M22:T22,V22:Z22) -> 0 | AE22: =IF(K22="yes",AB22-J22=SUM(AC22:AD22),AB22=SUM(AC22:AD22)) -> TRUE | AF22: =IF(K22="no",J22,0) -> 0 | AH22: =AF22=AG22 -> TRUE | AJ22: yes
B23: =IF(ISNUMBER(B22),IF(B22>$F$4,B22-1,"NA"),"NA") -> 2016 | C23: ='1. General information'!$C36 -> 0 | D23: =IF(K23="yes",J23,0)+SUM(F23:H23,M23:T23,V23:Z23) -> 0 | AB23: =D23 -> 0 | AE23: =IF(K23="yes",AB23-J23=SUM(AC23:AD23),AB23=SUM(AC23:AD23)) -> TRUE | AF23: =IF(K23="no",J23,0) -> 0 | AH23: =AF23=AG23 -> TRUE | AJ23: no
B24: =IF(ISNUMBER(B23),IF(B23>$F$4,B23-1,"NA"),"NA") -> 2015 | C24: ='1. General information'!$C37 -> 0 | D24: =IF(K24="yes",J24,0)+SUM(F24:H24,M24:T24,V24:Z24) -> 0 | AB24: =D24 -> 0 | AE24: =IF(K24="yes",AB24-J24=SUM(AC24:AD24),AB24=SUM(AC24:AD24)) -> TRUE | AF24: =IF(K24="no",J24,0) -> 0 | AH24: =AF24=AG24 -> TRUE
B25: =IF(ISNUMBER(B24),IF(B24>$F$4,B24-1,"NA"),"NA") -> 2014 | C25: ='1. General information'!$C38 -> 0 | D25: =IF(K25="yes",J25,0)+SUM(F25:H25,M25:T25,V25:Z25) -> 0 | AB25: =D25 -> 0 | AE25: =IF(K25="yes",AB25-J25=SUM(AC25:AD25),AB25=SUM(AC25:AD25)) -> TRUE | AF25: =IF(K25="no",J25,0) -> 0 | AH25: =AF25=AG25 -> TRUE
B26: =IF(ISNUMBER(B25),IF(B25>$F$4,B25-1,"NA"),"NA") -> 2013 | C26: ='1. General information'!$C39 -> 0 | D26: =IF(K26="yes",J26,0)+SUM(F26:H26,M26:T26,V26:Z26) -> 0 | AB26: =D26 -> 0 | AE26: =IF(K26="yes",AB26-J26=SUM(AC26:AD26),AB26=SUM(AC26:AD26)) -> TRUE | AF26: =IF(K26="no",J26,0) -> 0 | AH26: =AF26=AG26 -> TRUE
B27: =IF(ISNUMBER(B26),IF(B26>$F$4,B26-1,"NA"),"NA") -> 2012 | C27: ='1. General information'!$C40 -> 0 | D27: =IF(K27="yes",J27,0)+SUM(F27:G27,M27:T27,V27:Z27) -> 0 | AB27: =D27 -> 0 | AE27: =IF(K27="yes",AB27-J27=SUM(AC27),AB27=SUM(AC27:AD27)) -> TRUE | AF27: =IF(K27="no",J27,0) -> 0 | AH27: =AF27=AG27 -> TRUE
B28: =IF(ISNUMBER(B27),IF(B27>$F$4,B27-1,"NA"),"NA") -> 2011 | C28: ='1. General information'!$C41 -> 0 | D28: =IF(K28="yes",J28,0)+SUM(F28:G28,M28:T28,V28:Z28) -> 0 | AB28: =D28 -> 0 | AE28: =IF(K28="yes",AB28-J28=SUM(AC28),AB28=SUM(AC28:AD28)) -> TRUE | AF28: =IF(K28="no",J28,0) -> 0 | AH28: =AF28=AG28 -> TRUE
B29: =IF(ISNUMBER(B28),IF(B28>$F$4,B28-1,"NA"),"NA") -> 2010 | C29: ='1. General information'!$C42 -> 0 | D29: =IF(K29="yes",J29,0)+SUM(F29:G29,M29:T29,V29:Z29) -> 0 | AB29: =D29 -> 0 | AE29: =IF(K29="yes",AB29-J29=SUM(AC29),AB29=SUM(AC29:AD29)) -> TRUE | AF29: =IF(K29="no",J29,0) -> 0 | AH29: =AF29=AG29 -> TRUE
B30: =IF(ISNUMBER(B29),IF(B29>$F$4,B29-1,"NA"),"NA") -> 2009 | C30: ='1. General information'!$C43 -> 0 | D30: =IF(K30="yes",J30,0)+SUM(F30:G30,M30:T30,V30:Z30) -> 0 | AB30: =D30 -> 0 | AE30: =IF(K30="yes",AB30-J30=SUM(AC30),AB30=SUM(AC30:AD30)) -> TRUE | AF30: =IF(K30="no",J30,0) -> 0 | AH30: =AF30=AG30 -> TRUE
B31: =IF(ISNUMBER(B30),IF(B30>$F$4,B30-1,"NA"),"NA") -> 2008 | C31: ='1. General information'!$C44 -> 0 | D31: =IF(K31="yes",J31,0)+SUM(F31:G31,M31:T31,V31:Z31) -> 0 | AB31: =D31 -> 0 | AE31: =IF(K31="yes",AB31-J31=SUM(AC31),AB31=SUM(AC31:AD31)) -> TRUE | AF31: =IF(K31="no",J31,0) -> 0 | AH31: =AF31=AG31 -> TRUE
B32: =IF(ISNUMBER(B31),IF(B31>$F$4,B31-1,"NA"),"NA") -> 2007 | C32: ='1. General information'!$C45 -> 0 | D32: =IF(K32="yes",J32,0)+SUM(F32:G32,M32:T32,V32:Z32) -> 0 | AB32: =D32 -> 0 | AE32: =IF(K32="yes",AB32-J32=SUM(AC32),AB32=SUM(AC32:AD32)) -> TRUE | AF32: =IF(K32="no",J32,0) -> 0 | AH32: =AF32=AG32 -> TRUE
B33: =IF(ISNUMBER(B32),IF(B32>$F$4,B32-1,"NA"),"NA") -> 2006 | C33: ='1. General information'!$C46 -> 0 | D33: =IF(K33="yes",J33,0)+SUM(F33:G33,M33:T33,V33:Z33) -> 0 | AB33: =D33 -> 0 | AE33: =IF(K33="yes",AB33-J33=SUM(AC33),AB33=SUM(AC33:AD33)) -> TRUE | AF33: =IF(K33="no",J33,0) -> 0 | AH33: =AF33=AG33 -> TRUE
B34: =IF(ISNUMBER(B33),IF(B33>$F$4,B33-1,"NA"),"NA") -> 2005 | C34: ='1. General information'!$C47 -> 0 | D34: =IF(K34="yes",J34,0)+SUM(F34:G34,M34:T34,V34:Z34) -> 0 | AB34: =D34 -> 0 | AE34: =IF(K34="yes",AB34-J34=SUM(AC34),AB34=SUM(AC34:AD34)) -> TRUE | AF34: =IF(K34="no",J34,0) -> 0 | AH34: =AF34=AG34 -> TRUE
B35: =IF(ISNUMBER(B34),IF(B34>$F$4,B34-1,"NA"),"NA") -> 2004 | C35: ='1. General information'!$C48 -> 0 | D35: =IF(K35="yes",J35,0)+SUM(F35:G35,M35:T35,V35:Z35) -> 0 | AB35: =D35 -> 0 | AE35: =IF(K35="yes",AB35-J35=SUM(AC35),AB35=SUM(AC35:AD35)) -> TRUE | AF35: =IF(K35="no",J35,0) -> 0 | AH35: =AF35=AG35 -> TRUE
B36: =IF(ISNUMBER(B35),IF(B35>$F$4,B35-1,"NA"),"NA") -> 2003 | C36: ='1. General information'!$C49 -> 0 | D36: =IF(K36="yes",J36,0)+SUM(F36:G36,M36:T36,V36:Z36) -> 0 | AB36: =D36 -> 0 | AE36: =IF(K36="yes",AB36-J36=SUM(AC36),AB36=SUM(AC36:AD36)) -> TRUE | AF36: =IF(K36="no",J36,0) -> 0 | AH36: =AF36=AG36 -> TRUE
B37: =IF(ISNUMBER(B36),IF(B36>$F$4,B36-1,"NA"),"NA") -> 2002 | C37: ='1. General information'!$C50 -> 0 | D37: =IF(K37="yes",J37,0)+SUM(F37:G37,M37:T37,V37:Z37) -> 0 | AB37: =D37 -> 0 | AE37: =IF(K37="yes",AB37-J37=SUM(AC37),AB37=SUM(AC37:AD37)) -> TRUE | AF37: =IF(K37="no",J37,0) -> 0 | AH37: =AF37=AG37 -> TRUE
B38: =IF(ISNUMBER(B37),IF(B37>$F$4,B37-1,"NA"),"NA") -> 2001 | C38: ='1. General information'!$C51 -> 0 | D38: =IF(K38="yes",J38,0)+SUM(F38:G38,M38:T38,V38:Z38) -> 0 | AB38: =D38 -> 0 | AE38: =IF(K38="yes",AB38-J38=SUM(AC38),AB38=SUM(AC38:AD38)) -> TRUE | AF38: =IF(K38="no",J38,0) -> 0 | AH38: =AF38=AG38 -> TRUE
... B66: =IF(ISNUMBER(B65),IF(B65>$F$4,B65-1,"NA"),"NA") -> 1973 | C66: ='1. General information'!$C79 -> 0 | D66: =IF(K66="yes",J66,0)+SUM(F66:G66,M66:T66,V66:Z66) -> 0 | AB66: =D66 -> 0 | AE66: =IF(K66="yes",AB66-J66=SUM(AC66),AB66=SUM(AC66:AD66)) -> TRUE | AF66: =IF(K66="no",J66,0) -> 0 | AH66: =AF66=AG66 -> TRUE
B67: <1973 | C67: ='1. General information'!$C80 -> 0 | D67: =IF(K67="yes",J67,0)+SUM(F67:G67,M67:T67,V67:Z67) -> 0 | AB67: =D67 -> 0 | AE67: =IF(K67="yes",AB67-J67=SUM(AC67),AB67=SUM(AC67:AD67)) -> TRUE | AF67: =IF(K67="no",J67,0) -> 0 | AH67: =AF67=AG67 -> TRUE
B69: Disinvestment stream book year
D70: Activity ==> | F70: All | J70: All | M70: Transport, grid maintenance, grid planning (T, M, P) | V70: Offshore (TO) | W70: Storage facility (SF) | X70: Any other activity (O) | Y70: Indirect (I) | AB70: Check with audited financial accounts
M71: 1. Lines and towers | N71: 2. Cables | O71: 3. Substations: (including transformers and circuit ends) | P71: 4. Compen-sating devices | Q71: 5. Series compensation | R71: 6. Control centers | S71: 7. Other installations | T71: 8. Grid-related equipment and vehicles | V71: All asset categories | W71: All asset categories | X71: All asset categories | Y71: Main office building | Z71: Any other asset category | AB71: Total disinvestment Incl. capitalized borrowing, land, and planning costs | AC71: Tangible fixed assets from audited financial statements | AD71: Intangible assets (software only) from audited financial statements | AE71: Check: Total disinvestments in investment stream = total disinvestments in audited financial accounts | AF71: Investment contributions if not netted in investments | AG71: Investment contributions from audited financial statements | AH71: Check: Total investments in investment stream = total investments in audited financial statements
B72: Year | C72: Currency | D72: Total disinvestment Incl. capitalized borrowing, land, and planning costs | F72: Capitalized borrowing costs | G72: Capitalized land costs | H72: Capitalized planning costs | J72: Investment contributions | K72: Investment contributions netted in investment stream? (yes/no) | M72: Disinvestment | N72: Disinvestment | O72: Disinvestment | P72: Disinvestment | Q72: Disinvestment | R72: Disinvestment | S72: Disinvestment | T72: Disinvestment | V72: Disinvestment | W72: Disinvestment | X72: Disinvestment | Y72: Disinvestment | Z72: Disinvestment | AB72: Disinvestment | AC72: Disinvestment | AD72: Disinvestment | AE72: True/false | AF72: Investment contributions | AG72: Investment contributions | AH72: True/false
B73: 2017 | C73: ='1. General information'!$C35 -> 0 | D73: =IF(K73="yes",J73,0)+SUM(F73:H73,M73:T73,V73:Z73) -> 0 | AB73: =D73 -> 0 | AE73: =IF(K73="yes",AB73-J73=SUM(AC73:AD73),AB73=SUM(AC73:AD73)) -> TRUE | AF73: =IF(K73="no",J73,0) -> 0 | AH73: =AF73=AG73 -> TRUE
B74: =IF(ISNUMBER(B73),IF(B73>$F$4,B73-1,"NA"),"NA") -> 2016 | C74: ='1. General information'!$C36 -> 0 | D74: =IF(K74="yes",J74,0)+SUM(F74:H74,M74:T74,V74:Z74) -> 0 | AB74: =D74 -> 0 | AE74: =IF(K74="yes",AB74-J74=SUM(AC74:AD74),AB74=SUM(AC74:AD74)) -> TRUE | AF74: =IF(K74="no",J74,0) -> 0 | AH74: =AF74=AG74 -> TRUE
B75: =IF(ISNUMBER(B74),IF(B74>$F$4,B74-1,"NA"),"NA") -> 2015 | C75: ='1. General information'!$C37 -> 0 | D75: =IF(K75="yes",J75,0)+SUM(F75:H75,M75:T75,V75:Z75) -> 0 | AB75: =D75 -> 0 | AE75: =IF(K75="yes",AB75-J75=SUM(AC75:AD75),AB75=SUM(AC75:AD75)) -> TRUE | AF75: =IF(K75="no",J75,0) -> 0 | AH75: =AF75=AG75 -> TRUE
B76: =IF(ISNUMBER(B75),IF(B75>$F$4,B75-1,"NA"),"NA") -> 2014 | C76: ='1. General information'!$C38 -> 0 | D76: =IF(K76="yes",J76,0)+SUM(F76:H76,M76:T76,V76:Z76) -> 0 | AB76: =D76 -> 0 | AE76: =IF(K76="yes",AB76-J76=SUM(AC76:AD76),AB76=SUM(AC76:AD76)) -> TRUE | AF76: =IF(K76="no",J76,0) -> 0 | AH76: =AF76=AG76 -> TRUE
B77: =IF(ISNUMBER(B76),IF(B76>$F$4,B76-1,"NA"),"NA") -> 2013 | C77: ='1. General information'!$C39 -> 0 | D77: =IF(K77="yes",J77,0)+SUM(F77:H77,M77:T77,V77:Z77) -> 0 | AB77: =D77 -> 0 | AE77: =IF(K77="yes",AB77-J77=SUM(AC77:AD77),AB77=SUM(AC77:AD77)) -> TRUE | AF77: =IF(K77="no",J77,0) -> 0 | AH77: =AF77=AG77 -> TRUE
B78: =IF(ISNUMBER(B77),IF(B77>$F$4,B77-1,"NA"),"NA") -> 2012 | C78: ='1. General information'!$C40 -> 0 | D78: =IF(K78="yes",J78,0)+SUM(F78:G78,M78:T78,V78:Z78) -> 0 | AB78: =D78 -> 0 | AE78: =IF(K78="yes",AB78-J78=SUM(AC78),AB78=SUM(AC78:AD78)) -> TRUE | AF78: =IF(K78="no",J78,0) -> 0 | AH78: =AF78=AG78 -> TRUE
B79: =IF(ISNUMBER(B78),IF(B78>$F$4,B78-1,"NA"),"NA") -> 2011 | C79: ='1. General information'!$C41 -> 0 | D79: =IF(K79="yes",J79,0)+SUM(F79:G79,M79:T79,V79:Z79) -> 0 | AB79: =D79 -> 0 | AE79: =IF(K79="yes",AB79-J79=SUM(AC79),AB79=SUM(AC79:AD79)) -> TRUE | AF79: =IF(K79="no",J79,0) -> 0 | AH79: =AF79=AG79 -> TRUE
B80: =IF(ISNUMBER(B79),IF(B79>$F$4,B79-1,"NA"),"NA") -> 2010 | C80: ='1. General information'!$C42 -> 0 | D80: =IF(K80="yes",J80,0)+SUM(F80:G80,M80:T80,V80:Z80) -> 0 | AB80: =D80 -> 0 | AE80: =IF(K80="yes",AB80-J80=SUM(AC80),AB80=SUM(AC80:AD80)) -> TRUE | AF80: =IF(K80="no",J80,0) -> 0 | AH80: =AF80=AG80 -> TRUE
B81: =IF(ISNUMBER(B80),IF(B80>$F$4,B80-1,"NA"),"NA") -> 2009 | C81: ='1. General information'!$C43 -> 0 | D81: =IF(K81="yes",J81,0)+SUM(F81:G81,M81:T81,V81:Z81) -> 0 | AB81: =D81 -> 0 | AE81: =IF(K81="yes",AB81-J81=SUM(AC81),AB81=SUM(AC81:AD81)) -> TRUE | AF81: =IF(K81="no",J81,0) -> 0 | AH81: =AF81=AG81 -> TRUE
B82: =IF(ISNUMBER(B81),IF(B81>$F$4,B81-1,"NA"),"NA") -> 2008 | C82: ='1. General information'!$C44 -> 0 | D82: =IF(K82="yes",J82,0)+SUM(F82:G82,M82:T82,V82:Z82) -> 0 | AB82: =D82 -> 0 | AE82: =IF(K82="yes",AB82-J82=SUM(AC82),AB82=SUM(AC82:AD82)) -> TRUE | AF82: =IF(K82="no",J82,0) -> 0 | AH82: =AF82=AG82 -> TRUE
B83: =IF(ISNUMBER(B82),IF(B82>$F$4,B82-1,"NA"),"NA") -> 2007 | C83: ='1. General information'!$C45 -> 0 | D83: =IF(K83="yes",J83,0)+SUM(F83:G83,M83:T83,V83:Z83) -> 0 | AB83: =D83 -> 0 | AE83: =IF(K83="yes",AB83-J83=SUM(AC83),AB83=SUM(AC83:AD83)) -> TRUE | AF83: =IF(K83="no",J83,0) -> 0 | AH83: =AF83=AG83 -> TRUE
B84: =IF(ISNUMBER(B83),IF(B83>$F$4,B83-1,"NA"),"NA") -> 2006 | C84: ='1. General information'!$C46 -> 0 | D84: =IF(K84="yes",J84,0)+SUM(F84:G84,M84:T84,V84:Z84) -> 0 | AB84: =D84 -> 0 | AE84: =IF(K84="yes",AB84-J84=SUM(AC84),AB84=SUM(AC84:AD84)) -> TRUE | AF84: =IF(K84="no",J84,0) -> 0 | AH84: =AF84=AG84 -> TRUE
B85: =IF(ISNUMBER(B84),IF(B84>$F$4,B84-1,"NA"),"NA") -> 2005 | C85: ='1. General information'!$C47 -> 0 | D85: =IF(K85="yes",J85,0)+SUM(F85:G85,M85:T85,V85:Z85) -> 0 | AB85: =D85 -> 0 | AE85: =IF(K85="yes",AB85-J85=SUM(AC85),AB85=SUM(AC85:AD85)) -> TRUE | AF85: =IF(K85="no",J85,0) -> 0 | AH85: =AF85=AG85 -> TRUE
B86: =IF(ISNUMBER(B85),IF(B85>$F$4,B85-1,"NA"),"NA") -> 2004 | C86: ='1. General information'!$C48 -> 0 | D86: =IF(K86="yes",J86,0)+SUM(F86:G86,M86:T86,V86:Z86) -> 0 | AB86: =D86 -> 0 | AE86: =IF(K86="yes",AB86-J86=SUM(AC86),AB86=SUM(AC86:AD86)) -> TRUE | AF86: =IF(K86="no",J86,0) -> 0 | AH86: =AF86=AG86 -> TRUE
B87: =IF(ISNUMBER(B86),IF(B86>$F$4,B86-1,"NA"),"NA") -> 2003 | C87: ='1. General information'!$C49 -> 0 | D87: =IF(K87="yes",J87,0)+SUM(F87:G87,M87:T87,V87:Z87) -> 0 | AB87: =D87 -> 0 | AE87: =IF(K87="yes",AB87-J87=SUM(AC87),AB87=SUM(AC87:AD87)) -> TRUE | AF87: =IF(K87="no",J87,0) -> 0 | AH87: =AF87=AG87 -> TRUE
B88: =IF(ISNUMBER(B87),IF(B87>$F$4,B87-1,"NA"),"NA") -> 2002 | C88: ='1. General information'!$C50 -> 0 | D88: =IF(K88="yes",J88,0)+SUM(F88:G88,M88:T88,V88:Z88) -> 0 | AB88: =D88 -> 0 | AE88: =IF(K88="yes",AB88-J88=SUM(AC88),AB88=SUM(AC88:AD88)) -> TRUE | AF88: =IF(K88="no",J88,0) -> 0 | AH88: =AF88=AG88 -> TRUE
B89: =IF(ISNUMBER(B88),IF(B88>$F$4,B88-1,"NA"),"NA") -> 2001 | C89: ='1. General information'!$C51 -> 0 | D89: =IF(K89="yes",J89,0)+SUM(F89:G89,M89:T89,V89:Z89) -> 0 | AB89: =D89 -> 0 | AE89: =IF(K89="yes",AB89-J89=SUM(AC89),AB89=SUM(AC89:AD89)) -> TRUE | AF89: =IF(K89="no",J89,0) -> 0 | AH89: =AF89=AG89 -> TRUE
... B117: =IF(ISNUMBER(B116),IF(B116>$F$4,B116-1,"NA"),"NA") -> 1973 | C117: ='1. General information'!$C79 -> 0 | D117: =IF(K117="yes",J117,0)+SUM(F117:G117,M117:T117,V117:Z117) -> 0 | AB117: =D117 -> 0 | AE117: =IF(K117="yes",AB117-J117=SUM(AC117),AB117=SUM(AC117:AD117)) -> TRUE | AF117: =IF(K117="no",J117,0) -> 0 | AH117: =AF117=AG117 -> TRUE
B118: <1973 | C118: ='1. General information'!$C80 -> 0 | D118: =IF(K118="yes",J118,0)+SUM(F118:G118,M118:T118,V118:Z118) -> 0 | AB118: =D118 -> 0 | AE118: =IF(K118="yes",AB118-J118=SUM(AC118),AB118=SUM(AC118:AD118)) -> TRUE | AF118: =IF(K118="no",J118,0) -> 0 | AH118: =AF118=AG118 -> TRUE
B120: Disinvestment stream acquisition year
D121: Activity ==> | F121: All | J121: All | M121: Transport, grid maintenance, grid planning (T, M, P) | V121: Offshore (TO) | W121: Storage facility (SF) | X121: Any other activity (O) | Y121: Indirect (I)
M122: 1. Lines and towers | N122: 2. Cables | O122: 3. Substations: (including transformers and circuit ends) | P122: 4. Compen-sating devices | Q122: 5. Series compensation | R122: 6. Control centers | S122: 7. Other installations | T122: 8. Grid-related equipment and vehicles | V122: All asset categories | W122: All asset categories | X122: All asset categories | Y122: Main office building | Z122: Any other asset category
B123: Year | C123: Currency | D123: Total disinvestment Incl. capitalized borrowing, land, and planning costs | F123: Capitalized borrowing costs | G123: Capitalized land costs | H123: Capitalized planning costs | J123: Investment contributions | K123: Investment contributions netted in investment stream? (yes/no) | M123: Disinvestment | N123: Disinvestment | O123: Disinvestment | P123: Disinvestment | Q123: Disinvestment | R123: Disinvestment | S123: Disinvestment | T123: Disinvestment | V123: Disinvestment | W123: Disinvestment | X123: Disinvestment | Y123: Disinvestment | Z123: Disinvestment
B124: 2017 | C124: ='1. General information'!$C35 -> 0 | D124: =IF(K124="yes",J124,0)+SUM(F124:H124,M124:T124,V124:Z124) -> 0
B125: =IF(ISNUMBER(B124),IF(B124>$F$4,B124-1,"NA"),"NA") -> 2016 | C125: ='1. General information'!$C36 -> 0 | D125: =IF(K125="yes",J125,0)+SUM(F125:H125,M125:T125,V125:Z125) -> 0
B126: =IF(ISNUMBER(B125),IF(B125>$F$4,B125-1,"NA"),"NA") -> 2015 | C126: ='1. General information'!$C37 -> 0 | D126: =IF(K126="yes",J126,0)+SUM(F126:H126,M126:T126,V126:Z126) -> 0
B127: =IF(ISNUMBER(B126),IF(B126>$F$4,B126-1,"NA"),"NA") -> 2014 | C127: ='1. General information'!$C38 -> 0 | D127: =IF(K127="yes",J127,0)+SUM(F127:H127,M127:T127,V127:Z127) -> 0
B128: =IF(ISNUMBER(B127),IF(B127>$F$4,B127-1,"NA"),"NA") -> 2013 | C128: ='1. General information'!$C39 -> 0 | D128: =IF(K128="yes",J128,0)+SUM(F128:H128,M128:T128,V128:Z128) -> 0
B129: =IF(ISNUMBER(B128),IF(B128>$F$4,B128-1,"NA"),"NA") -> 2012 | C129: ='1. General information'!$C40 -> 0 | D129: =IF(K129="yes",J129,0)+SUM(F129:G129,M129:T129,V129:Z129) -> 0
B130: =IF(ISNUMBER(B129),IF(B129>$F$4,B129-1,"NA"),"NA") -> 2011 | C130: ='1. General information'!$C41 -> 0 | D130: =IF(K130="yes",J130,0)+SUM(F130:G130,M130:T130,V130:Z130) -> 0
B131: =IF(ISNUMBER(B130),IF(B130>$F$4,B130-1,"NA"),"NA") -> 2010 | C131: ='1. General information'!$C42 -> 0 | D131: =IF(K131="yes",J131,0)+SUM(F131:G131,M131:T131,V131:Z131) -> 0
B132: =IF(ISNUMBER(B131),IF(B131>$F$4,B131-1,"NA"),"NA") -> 2009 | C132: ='1. General information'!$C43 -> 0 | D132: =IF(K132="yes",J132,0)+SUM(F132:G132,M132:T132,V132:Z132) -> 0
B133: =IF(ISNUMBER(B132),IF(B132>$F$4,B132-1,"NA"),"NA") -> 2008 | C133: ='1. General information'!$C44 -> 0 | D133: =IF(K133="yes",J133,0)+SUM(F133:G133,M133:T133,V133:Z133) -> 0
B134: =IF(ISNUMBER(B133),IF(B133>$F$4,B133-1,"NA"),"NA") -> 2007 | C134: ='1. General information'!$C45 -> 0 | D134: =IF(K134="yes",J134,0)+SUM(F134:G134,M134:T134,V134:Z134) -> 0
B135: =IF(ISNUMBER(B134),IF(B134>$F$4,B134-1,"NA"),"NA") -> 2006 | C135: ='1. General information'!$C46 -> 0 | D135: =IF(K135="yes",J135,0)+SUM(F135:G135,M135:T135,V135:Z135) -> 0
B136: =IF(ISNUMBER(B135),IF(B135>$F$4,B135-1,"NA"),"NA") -> 2005 | C136: ='1. General information'!$C47 -> 0 | D136: =IF(K136="yes",J136,0)+SUM(F136:G136,M136:T136,V136:Z136) -> 0
B137: =IF(ISNUMBER(B136),IF(B136>$F$4,B136-1,"NA"),"NA") -> 2004 | C137: ='1. General information'!$C48 -> 0 | D137: =IF(K137="yes",J137,0)+SUM(F137:G137,M137:T137,V137:Z137) -> 0
B138: =IF(ISNUMBER(B137),IF(B137>$F$4,B137-1,"NA"),"NA") -> 2003 | C138: ='1. General information'!$C49 -> 0 | D138: =IF(K138="yes",J138,0)+SUM(F138:G138,M138:T138,V138:Z138) -> 0
B139: =IF(ISNUMBER(B138),IF(B138>$F$4,B138-1,"NA"),"NA") -> 2002 | C139: ='1. General information'!$C50 -> 0 | D139: =IF(K139="yes",J139,0)+SUM(F139:G139,M139:T139,V139:Z139) -> 0
B140: =IF(ISNUMBER(B139),IF(B139>$F$4,B139-1,"NA"),"NA") -> 2001 | C140: ='1. General information'!$C51 -> 0 | D140: =IF(K140="yes",J140,0)+SUM(F140:G140,M140:T140,V140:Z140) -> 0
... B168: =IF(ISNUMBER(B167),IF(B167>$F$4,B167-1,"NA"),"NA") -> 1973 | C168: ='1. General information'!$C79 -> 0 | D168: =IF(K168="yes",J168,0)+SUM(F168:G168,M168:T168,V168:Z168) -> 0
B169: <1973 | C169: ='1. General information'!$C80 -> 0 | D169: =IF(K169="yes",J169,0)+SUM(F169:G169,M169:T169,V169:Z169) -> 0
B171: Net investment stream
D172: Activity ==> | F172: All | J172: All | M172: Transport, grid maintenance, grid planning (T, M, P) | V172: Offshore (TO) | W172: Storage facility (SF) | X172: Any other activity (O) | Y172: Indirect (I)
M173: 1. Lines and towers | N173: 2. Cables | O173: 3. Substations: (including transformers and circuit ends) | P173: 4. Compen-sating devices | Q173: 5. Series compensation | R173: 6. Control centers | S173: 7. Other installations | T173: 8. Grid-related equipment and vehicles | V173: All asset categories | W173: All asset categories | X173: All asset categories | Y173: Main office building | Z173: Any other asset category
B174: Year | C174: Currency | D174: Total net investment Incl. capitalized borrowing, land, and planning costs | F174: Capitalized borrowing costs | G174: Capitalized land costs | H174: Capitalized planning costs | J174: Investment contributions | K174: Investment contributions netted in investment stream? (yes/no) | M174: Net investment | N174: Net investment | O174: Net investment | P174: Net investment | Q174: Net investment | R174: Net investment | S174: Net investment | T174: Net investment | V174: Net investment | W174: Net investment | X174: Net investment | Y174: Net investment | Z174: Net investment
B175: 2017 | C175: ='1. General information'!$C35 -> 0 | D175: =IF(K175="yes",J175,0)+SUM(F175:H175,M175:T175,V175:Z175) -> 0 | F175: =F22-F124 -> 0 | G175: =G22-G124 -> 0 | H175: =H22-H124 -> 0 | J175: =J22-J124 -> 0 | K175: =K22 -> 0 | M175: =M22-M124 -> 0 | N175: =N22-N124 -> 0 | O175: =O22-O124 -> 0 | P175: =P22-P124 -> 0 | Q175: =Q22-Q124 -> 0 | R175: =R22-R124 -> 0 | S175: =S22-S124 -> 0 | T175: =T22-T124 -> 0 | V175: =V22-V124 -> 0 | W175: =W22-W124 -> 0 | X175: =X22-X124 -> 0 | Y175: =Y22-Y124 -> 0 | Z175: =Z22-Z124 -> 0
B176: =IF(ISNUMBER(B175),IF(B175>$F$4,B175-1,"NA"),"NA") -> 2016 | C176: ='1. General information'!$C36 -> 0 | D176: =IF(K176="yes",J176,0)+SUM(F176:H176,M176:T176,V176:Z176) -> 0 | F176: =F23-F125 -> 0 | G176: =G23-G125 -> 0 | H176: =H23-H125 -> 0 | J176: =J23-J125 -> 0 | K176: =K23 -> 0 | M176: =M23-M125 -> 0 | N176: =N23-N125 -> 0 | O176: =O23-O125 -> 0 | P176: =P23-P125 -> 0 | Q176: =Q23-Q125 -> 0 | R176: =R23-R125 -> 0 | S176: =S23-S125 -> 0 | T176: =T23-T125 -> 0 | V176: =V23-V125 -> 0 | W176: =W23-W125 -> 0 | X176: =X23-X125 -> 0 | Y176: =Y23-Y125 -> 0 | Z176: =Z23-Z125 -> 0
B177: =IF(ISNUMBER(B176),IF(B176>$F$4,B176-1,"NA"),"NA") -> 2015 | C177: ='1. General information'!$C37 -> 0 | D177: =IF(K177="yes",J177,0)+SUM(F177:H177,M177:T177,V177:Z177) -> 0 | F177: =F24-F126 -> 0 | G177: =G24-G126 -> 0 | H177: =H24-H126 -> 0 | J177: =J24-J126 -> 0 | K177: =K24 -> 0 | M177: =M24-M126 -> 0 | N177: =N24-N126 -> 0 | O177: =O24-O126 -> 0 | P177: =P24-P126 -> 0 | Q177: =Q24-Q126 -> 0 | R177: =R24-R126 -> 0 | S177: =S24-S126 -> 0 | T177: =T24-T126 -> 0 | V177: =V24-V126 -> 0 | W177: =W24-W126 -> 0 | X177: =X24-X126 -> 0 | Y177: =Y24-Y126 -> 0 | Z177: =Z24-Z126 -> 0
B178: =IF(ISNUMBER(B177),IF(B177>$F$4,B177-1,"NA"),"NA") -> 2014 | C178: ='1. General information'!$C38 -> 0 | D178: =IF(K178="yes",J178,0)+SUM(F178:H178,M178:T178,V178:Z178) -> 0 | F178: =F25-F127 -> 0 | G178: =G25-G127 -> 0 | H178: =H25-H127 -> 0 | J178: =J25-J127 -> 0 | K178: =K25 -> 0 | M178: =M25-M127 -> 0 | N178: =N25-N127 -> 0 | O178: =O25-O127 -> 0 | P178: =P25-P127 -> 0 | Q178: =Q25-Q127 -> 0 | R178: =R25-R127 -> 0 | S178: =S25-S127 -> 0 | T178: =T25-T127 -> 0 | V178: =V25-V127 -> 0 | W178: =W25-W127 -> 0 | X178: =X25-X127 -> 0 | Y178: =Y25-Y127 -> 0 | Z178: =Z25-Z127 -> 0
B179: =IF(ISNUMBER(B178),IF(B178>$F$4,B178-1,"NA"),"NA") -> 2013 | C179: ='1. General information'!$C39 -> 0 | D179: =IF(K179="yes",J179,0)+SUM(F179:H179,M179:T179,V179:Z179) -> 0 | F179: =F26-F128 -> 0 | G179: =G26-G128 -> 0 | H179: =H26-H128 -> 0 | J179: =J26-J128 -> 0 | K179: =K26 -> 0 | M179: =M26-M128 -> 0 | N179: =N26-N128 -> 0 | O179: =O26-O128 -> 0 | P179: =P26-P128 -> 0 | Q179: =Q26-Q128 -> 0 | R179: =R26-R128 -> 0 | S179: =S26-S128 -> 0 | T179: =T26-T128 -> 0 | V179: =V26-V128 -> 0 | W179: =W26-W128 -> 0 | X179: =X26-X128 -> 0 | Y179: =Y26-Y128 -> 0 | Z179: =Z26-Z128 -> 0
B180: =IF(ISNUMBER(B179),IF(B179>$F$4,B179-1,"NA"),"NA") -> 2012 | C180: ='1. General information'!$C40 -> 0 | D180: =IF(K180="yes",J180,0)+SUM(F180:G180,M180:T180,V180:Z180) -> 0 | F180: =F27-F129 -> 0 | G180: =G27-G129 -> 0 | J180: =J27-J129 -> 0 | K180: =K27 -> 0 | M180: =M27-M129 -> 0 | N180: =N27-N129 -> 0 | O180: =O27-O129 -> 0 | P180: =P27-P129 -> 0 | Q180: =Q27-Q129 -> 0 | R180: =R27-R129 -> 0 | S180: =S27-S129 -> 0 | T180: =T27-T129 -> 0 | V180: =V27-V129 -> 0 | W180: =W27-W129 -> 0 | X180: =X27-X129 -> 0 | Y180: =Y27-Y129 -> 0 | Z180: =Z27-Z129 -> 0
B181: =IF(ISNUMBER(B180),IF(B180>$F$4,B180-1,"NA"),"NA") -> 2011 | C181: ='1. General information'!$C41 -> 0 | D181: =IF(K181="yes",J181,0)+SUM(F181:G181,M181:T181,V181:Z181) -> 0 | F181: =F28-F130 -> 0 | G181: =G28-G130 -> 0 | J181: =J28-J130 -> 0 | K181: =K28 -> 0 | M181: =M28-M130 -> 0 | N181: =N28-N130 -> 0 | O181: =O28-O130 -> 0 | P181: =P28-P130 -> 0 | Q181: =Q28-Q130 -> 0 | R181: =R28-R130 -> 0 | S181: =S28-S130 -> 0 | T181: =T28-T130 -> 0 | V181: =V28-V130 -> 0 | W181: =W28-W130 -> 0 | X181: =X28-X130 -> 0 | Y181: =Y28-Y130 -> 0 | Z181: =Z28-Z130 -> 0
B182: =IF(ISNUMBER(B181),IF(B181>$F$4,B181-1,"NA"),"NA") -> 2010 | C182: ='1. General information'!$C42 -> 0 | D182: =IF(K182="yes",J182,0)+SUM(F182:G182,M182:T182,V182:Z182) -> 0 | F182: =F29-F131 -> 0 | G182: =G29-G131 -> 0 | J182: =J29-J131 -> 0 | K182: =K29 -> 0 | M182: =M29-M131 -> 0 | N182: =N29-N131 -> 0 | O182: =O29-O131 -> 0 | P182: =P29-P131 -> 0 | Q182: =Q29-Q131 -> 0 | R182: =R29-R131 -> 0 | S182: =S29-S131 -> 0 | T182: =T29-T131 -> 0 | V182: =V29-V131 -> 0 | W182: =W29-W131 -> 0 | X182: =X29-X131 -> 0 | Y182: =Y29-Y131 -> 0 | Z182: =Z29-Z131 -> 0
B183: =IF(ISNUMBER(B182),IF(B182>$F$4,B182-1,"NA"),"NA") -> 2009 | C183: ='1. General information'!$C43 -> 0 | D183: =IF(K183="yes",J183,0)+SUM(F183:G183,M183:T183,V183:Z183) -> 0 | F183: =F30-F132 -> 0 | G183: =G30-G132 -> 0 | J183: =J30-J132 -> 0 | K183: =K30 -> 0 | M183: =M30-M132 -> 0 | N183: =N30-N132 -> 0 | O183: =O30-O132 -> 0 | P183: =P30-P132 -> 0 | Q183: =Q30-Q132 -> 0 | R183: =R30-R132 -> 0 | S183: =S30-S132 -> 0 | T183: =T30-T132 -> 0 | V183: =V30-V132 -> 0 | W183: =W30-W132 -> 0 | X183: =X30-X132 -> 0 | Y183: =Y30-Y132 -> 0 | Z183: =Z30-Z132 -> 0
B184: =IF(ISNUMBER(B183),IF(B183>$F$4,B183-1,"NA"),"NA") -> 2008 | C184: ='1. General information'!$C44 -> 0 | D184: =IF(K184="yes",J184,0)+SUM(F184:G184,M184:T184,V184:Z184) -> 0 | F184: =F31-F133 -> 0 | G184: =G31-G133 -> 0 | J184: =J31-J133 -> 0 | K184: =K31 -> 0 | M184: =M31-M133 -> 0 | N184: =N31-N133 -> 0 | O184: =O31-O133 -> 0 | P184: =P31-P133 -> 0 | Q184: =Q31-Q133 -> 0 | R184: =R31-R133 -> 0 | S184: =S31-S133 -> 0 | T184: =T31-T133 -> 0 | V184: =V31-V133 -> 0 | W184: =W31-W133 -> 0 | X184: =X31-X133 -> 0 | Y184: =Y31-Y133 -> 0 | Z184: =Z31-Z133 -> 0
B185: =IF(ISNUMBER(B184),IF(B184>$F$4,B184-1,"NA"),"NA") -> 2007 | C185: ='1. General information'!$C45 -> 0 | D185: =IF(K185="yes",J185,0)+SUM(F185:G185,M185:T185,V185:Z185) -> 0 | F185: =F32-F134 -> 0 | G185: =G32-G134 -> 0 | J185: =J32-J134 -> 0 | K185: =K32 -> 0 | M185: =M32-M134 -> 0 | N185: =N32-N134 -> 0 | O185: =O32-O134 -> 0 | P185: =P32-P134 -> 0 | Q185: =Q32-Q134 -> 0 | R185: =R32-R134 -> 0 | S185: =S32-S134 -> 0 | T185: =T32-T134 -> 0 | V185: =V32-V134 -> 0 | W185: =W32-W134 -> 0 | X185: =X32-X134 -> 0 | Y185: =Y32-Y134 -> 0 | Z185: =Z32-Z134 -> 0
B186: =IF(ISNUMBER(B185),IF(B185>$F$4,B185-1,"NA"),"NA") -> 2006 | C186: ='1. General information'!$C46 -> 0 | D186: =IF(K186="yes",J186,0)+SUM(F186:G186,M186:T186,V186:Z186) -> 0 | F186: =F33-F135 -> 0 | G186: =G33-G135 -> 0 | J186: =J33-J135 -> 0 | K186: =K33 -> 0 | M186: =M33-M135 -> 0 | N186: =N33-N135 -> 0 | O186: =O33-O135 -> 0 | P186: =P33-P135 -> 0 | Q186: =Q33-Q135 -> 0 | R186: =R33-R135 -> 0 | S186: =S33-S135 -> 0 | T186: =T33-T135 -> 0 | V186: =V33-V135 -> 0 | W186: =W33-W135 -> 0 | X186: =X33-X135 -> 0 | Y186: =Y33-Y135 -> 0 | Z186: =Z33-Z135 -> 0
B187: =IF(ISNUMBER(B186),IF(B186>$F$4,B186-1,"NA"),"NA") -> 2005 | C187: ='1. General information'!$C47 -> 0 | D187: =IF(K187="yes",J187,0)+SUM(F187:G187,M187:T187,V187:Z187) -> 0 | F187: =F34-F136 -> 0 | G187: =G34-G136 -> 0 | J187: =J34-J136 -> 0 | K187: =K34 -> 0 | M187: =M34-M136 -> 0 | N187: =N34-N136 -> 0 | O187: =O34-O136 -> 0 | P187: =P34-P136 -> 0 | Q187: =Q34-Q136 -> 0 | R187: =R34-R136 -> 0 | S187: =S34-S136 -> 0 | T187: =T34-T136 -> 0 | V187: =V34-V136 -> 0 | W187: =W34-W136 -> 0 | X187: =X34-X136 -> 0 | Y187: =Y34-Y136 -> 0 | Z187: =Z34-Z136 -> 0
B188: =IF(ISNUMBER(B187),IF(B187>$F$4,B187-1,"NA"),"NA") -> 2004 | C188: ='1. General information'!$C48 -> 0 | D188: =IF(K188="yes",J188,0)+SUM(F188:G188,M188:T188,V188:Z188) -> 0 | F188: =F35-F137 -> 0 | G188: =G35-G137 -> 0 | J188: =J35-J137 -> 0 | K188: =K35 -> 0 | M188: =M35-M137 -> 0 | N188: =N35-N137 -> 0 | O188: =O35-O137 -> 0 | P188: =P35-P137 -> 0 | Q188: =Q35-Q137 -> 0 | R188: =R35-R137 -> 0 | S188: =S35-S137 -> 0 | T188: =T35-T137 -> 0 | V188: =V35-V137 -> 0 | W188: =W35-W137 -> 0 | X188: =X35-X137 -> 0 | Y188: =Y35-Y137 -> 0 | Z188: =Z35-Z137 -> 0
...

Sheet 2b. Spec. used assets
B2: CEER 2018 electricity benchmark financial reporting template: Specification used assets
B4: ='1. General information'!C19 -> 0
B5: ='1. General information'!C20 -> 0
B7: Gross investment stream
C8: Activity ==> | E8: Transport, grid maintenance, grid planning (T, M, P) | I8: Transport, grid maintenance, grid planning (T, M, P) | M8: Transport, grid maintenance, grid planning (T, M, P) | Q8: Transport, grid maintenance, grid planning (T, M, P) | U8: Transport, grid maintenance, grid planning (T, M, P) | Y8: Transport, grid maintenance, grid planning (T, M, P) | AC8: Transport, grid maintenance, grid planning (T, M, P) | AG8: Transport, grid maintenance, grid planning (T, M, P) | AK8: Indirect (I) | AO8: Indirect (I) | AS8: Clarification of remaining lifetime for every investment in used assets
E9: 1. Lines and towers | I9: 2. Cables | M9: 3. Substations: (including transformers and circuit ends) | Q9: 4. Compensating devices | U9: 5. Series compensating | Y9: 6. Control centers | AC9: 7. Other installations | AG9: 8. Grid-related equipment and vehicles | AK9: Main office building | AO9: Any other asset category
B10: Year of acquisition | C10: Currency | E10: Investment in year of acquisition (attributable to assets 1973-2017) | F10: Investment in year of acquisition (attributable to assets < 1973) | G10: Remaining weighted average technical lifetime (in years) in year of acquisition (assets 1973-2017) | I10: Investment in year of acquisition (attributable to assets 1973-2017) | J10: Investment in year of acquisition (attributable to assets < 1973) | K10: Remaining weighted average technical lifetime (in years) in year of acquisition (assets 1973-2017) | M10: Investment in year of acquisition (attributable to assets 1973-2017) | N10: Investment in year of acquisition (attributable to assets < 1973) | O10: Remaining weighted average technical lifetime (in years) in year of acquisition (assets 1973-2017) | Q10: Investment in year of acquisition (attributable to assets 1973-2017) | R10: Investment in year of acquisition (attributable to assets < 1973) | S10: Remaining weighted average technical lifetime (in years) in year of acquisition (assets 1973-2017) | U10: Investment in year of acquisition (attributable to assets 1973-2017) | V10: Investment in year of acquisition (attributable to assets < 1973) | W10: Remaining weighted average technical lifetime (in years) in year of acquisition (assets 1973-2017) | Y10: Investment in year of acquisition (attributable to assets 1973-2017) | Z10: Investment in year of acquisition (attributable to assets < 1973) | AA10: Remaining weighted average technical lifetime (in years) in year of acquisition (assets 1973-2017) | AC10: Investment in year of acquisition (attributable to assets 1973-2017) | AD10: Investment in year of acquisition (attributable to assets < 1973) | AE10: Remaining weighted average technical lifetime (in years) in year of acquisition (assets 1973-2017) | AG10: Investment in year of acquisition (attributable to assets 1973-2017) | AH10: Investment in year of acquisition (attributable to assets < 1973) | AI10: Remaining weighted average technical lifetime (in years) in year of acquisition (assets 1973-2017) | AK10: Investment in year of acquisition (attributable to assets 1973-2017) | AL10: Investment in year of acquisition (attributable to assets < 1973) | AM10: Remaining weighted average technical lifetime (in years) in year of acquisition (assets 1973-2017) | AO10: Investment in year of acquisition (attributable to assets 1973-2017) | AP10: Investment in year of acquisition (attributable to assets < 1973) | AQ10: Remaining weighted average technical lifetime (in years) in year of acquisition (assets 1973-2017)
B11: 2017 | C11: ='1. General information'!$C35 -> 0
B12: =IF(ISNUMBER(B11),IF(B11>$G$4,B11-1,"NA"),"NA") -> 2016 | C12: ='1. General information'!$C36 -> 0
B13: =IF(ISNUMBER(B12),IF(B12>$G$4,B12-1,"NA"),"NA") -> 2015 | C13: ='1. General information'!$C37 -> 0
B14: =IF(ISNUMBER(B13),IF(B13>$G$4,B13-1,"NA"),"NA") -> 2014 | C14: ='1. General information'!$C38 -> 0
B15: =IF(ISNUMBER(B14),IF(B14>$G$4,B14-1,"NA"),"NA") -> 2013 | C15: ='1. General information'!$C39 -> 0
B16: =IF(ISNUMBER(B15),IF(B15>$G$4,B15-1,"NA"),"NA") -> 2012 | C16: ='1. General information'!$C40 -> 0
B17: =IF(ISNUMBER(B16),IF(B16>$G$4,B16-1,"NA"),"NA") -> 2011 | C17: ='1. General information'!$C41 -> 0
B18: =IF(ISNUMBER(B17),IF(B17>$G$4,B17-1,"NA"),"NA") -> 2010 | C18: ='1. General information'!$C42 -> 0
B19: =IF(ISNUMBER(B18),IF(B18>$G$4,B18-1,"NA"),"NA") -> 2009 | C19: ='1. General information'!$C43 -> 0
B20: =IF(ISNUMBER(B19),IF(B19>$G$4,B19-1,"NA"),"NA") -> 2008 | C20: ='1. General information'!$C44 -> 0
B21: =IF(ISNUMBER(B20),IF(B20>$G$4,B20-1,"NA"),"NA") -> 2007 | C21: ='1. General information'!$C45 -> 0
B22: =IF(ISNUMBER(B21),IF(B21>$G$4,B21-1,"NA"),"NA") -> 2006 | C22: ='1. General information'!$C46 -> 0
B23: =IF(ISNUMBER(B22),IF(B22>$G$4,B22-1,"NA"),"NA") -> 2005 | C23: ='1. General information'!$C47 -> 0
... B55: =IF(ISNUMBER(B54),IF(B54>$G$4,B54-1,"NA"),"NA") -> 1973 | C55: ='1. General information'!$C79 -> 0
B56: <1973 | C56: ='1. General information'!$C80 -> 0

Sheet 2c. Spec. rehabilitations
B2: CEER 2018 electricity benchmark financial reporting template: Specification rehabilitations
B4: ='1. General information'!C19 -> 0
B5: ='1. General information'!C20 -> 0
B7: Rehabilitations
B8: ID | C8: Asset category | D8: Commissioning year | E8: Rehabilitation year | F8: Rehabilitation investment
B29: [may add more lines]

Sheet 3. Expenses
B2: CEER 2018 electricity benchmark financial reporting template: Expenses
B4: ='1. General information'!C19 -> 0
B5: ='1. General information'!C20 -> 0
B7: Transport (T) | I7: Specification of 'Other expenses'
C8: 2013 | D8: 2014 | E8: 2015 | F8: 2016 | G8: 2017
B9: Currency | C9: ='1. General information'!$C$39 -> 0 | D9: ='1. General information'!$C$38 -> 0 | E9: ='1. General information'!$C$37 -> 0 | F9: ='1. General information'!$C$36 -> 0 | G9: ='1. General information'!$C$35 -> 0
B10: Personnel
B11: Energy
B12: Landowner compensation, right-of-way and easement fees
B13: Taxes and levies
B14: Grid-related insurance
B15: Control center expenses
B16: Depreciation of grid-related equipment and vehicles
B17: Other expenses
B18: Total expenses | C18: =SUM(C10:C17) -> 0 | D18: =SUM(D10:D17) -> 0 | E18: =SUM(E10:E17) -> 0 | F18: =SUM(F10:F17) -> 0 | G18: =SUM(G10:G17) -> 0
B20: Grid maintenance (M) | I20: Specification of 'Other expenses'
C21: 2013 | D21: 2014 | E21: 2015 | F21: 2016 | G21: 2017
B22: Currency | C22: ='1. General information'!$C$39 -> 0 | D22: ='1. General information'!$C$38 -> 0 | E22: ='1. General information'!$C$37 -> 0 | F22: ='1. General information'!$C$36 -> 0 | G22: ='1. General information'!$C$35 -> 0
B23: Personnel
B24: Other expenses
B25: Total expenses | C25: =SUM(C23:C24) -> 0 | D25: =SUM(D23:D24) -> 0 | E25: =SUM(E23:E24) -> 0 | F25: =SUM(F23:F24) -> 0 | G25: =SUM(G23:G24) -> 0
B27: Grid planning (P) | I27: Specification of 'Other expenses'
C28: 2013 | D28: 2014 | E28: 2015 | F28: 2016 | G28: 2017
B29: Currency | C29: ='1. General information'!$C$39 -> 0 | D29: ='1. General information'!$C$38 -> 0 | E29: ='1. General information'!$C$37 -> 0 | F29: ='1. General information'!$C$36 -> 0 | G29: ='1. General information'!$C$35 -> 0
B30: Personnel
B31: Landowner compensation, right-of-way and easement fees
B32: Taxes and levies
B33: Research and development
B34: Other expenses
B35: Total expenses | C35: =SUM(C30:C34) -> 0 | D35: =SUM(D30:D34) -> 0 | E35: =SUM(E30:E34) -> 0 | F35: =SUM(F30:F34) -> 0 | G35: =SUM(G30:G34) -> 0
B37: System operations (S) | I37: Specification of 'Other expenses'
C38: 2013 | D38: 2014 | E38: 2015 | F38: 2016 | G38: 2017
B39: Currency | C39: ='1. General information'!$C$39 -> 0 | D39: ='1. General information'!$C$38 -> 0 | E39: ='1. General information'!$C$37 -> 0 | F39: ='1. General information'!$C$36 -> 0 | G39: ='1. General information'!$C$35 -> 0
B40: Personnel
B41: Energy
B42: Other expenses
B43: Total expenses | C43: =SUM(C40:C42) -> 0 | D43: =SUM(D40:D42) -> 0 | E43: =SUM(E40:E42) -> 0 | F43: =SUM(F40:F42) -> 0 | G43: =SUM(G40:G42) -> 0
B45: Market facilitation (X) | I45: Specification of 'Other expenses'
C46: 2013 | D46: 2014 | E46: 2015 | F46: 2016 | G46: 2017
B47: Currency | C47: ='1. General information'!$C$39 -> 0 | D47: ='1. General information'!$C$38 -> 0 | E47: ='1. General information'!$C$37 -> 0 | F47: ='1. General information'!$C$36 -> 0 | G47: ='1. General information'!$C$35 -> 0
B48: Personnel
B49: Energy
B50: Other expenses
B51: Total expenses | C51: =SUM(C48:C50) -> 0 | D51: =SUM(D48:D50) -> 0 | E51: =SUM(E48:E50) -> 0 | F51: =SUM(F48:F50) -> 0 | G51: =SUM(G48:G50) -> 0
B53: TO (Offshore) | I53: Specification of 'Other expenses'
C54: 2013 | D54: 2014 | E54: 2015 | F54: 2016 | G54: 2017
B55: Currency | C55: ='1. General information'!$C$39 -> 0 | D55: ='1. General information'!$C$38 -> 0 | E55: ='1. General information'!$C$37 -> 0 | F55: ='1. General information'!$C$36 -> 0 | G55: ='1. General information'!$C$35 -> 0
B56: Personnel
B57: Energy
B58: Landowner compensation, right-of-way and easement fees
B59: Taxes and levies
B60: Grid related insurance
B61: Control center expenses
B62: Depreciation of grid-related equipment and vehicles
B63: Other expenses
B64: Total expenses | C64: =SUM(C56:C63) -> 0 | D64: =SUM(D56:D63) -> 0 | E64: =SUM(E56:E63) -> 0 | F64: =SUM(F56:F63) -> 0 | G64: =SUM(G56:G63) -> 0
B66: Storage facility (SF) | I66: Specification of 'Other expenses'
C67: 2013 | D67: 2014 | E67: 2015 | F67: 2016 | G67: 2017
B68: Currency | C68: ='1. General information'!$C$39 -> 0 | D68: ='1. General information'!$C$38 -> 0 | E68: ='1. General information'!$C$37 -> 0 | F68: ='1. General information'!$C$36 -> 0 | G68: ='1. General information'!$C$35 -> 0
B69: Personnel
B70: Energy
B71: Landowner compensation, right-of-way and easement fees
B72: Taxes and levies
B73: Other expenses
B74: Total expenses | C74: =SUM(C69:C73) -> 0 | D74: =SUM(D69:D73) -> 0 | E74: =SUM(E69:E73) -> 0 | F74: =SUM(F69:F73) -> 0 | G74: =SUM(G69:G73) -> 0
B76: Indirect expenses (I) | I76: Specification of 'Other expenses'
C77: 2013 | D77: 2014 | E77: 2015 | F77: 2016 | G77: 2017
B78: Currency | C78: ='1. General information'!$C$39 -> 0 | D78: ='1. General information'!$C$38 -> 0 | E78: ='1. General information'!$C$37 -> 0 | F78: ='1. General information'!$C$36 -> 0 | G78: ='1. General information'!$C$35 -> 0
B79: Personnel
B80: Rent/lease of main office building
B81: Non-grid related insurance
B82: Non-grid related telecommunications for own use (including depreciation)
B83: Depreciation of non-grid-related equipment and vehicles
B84: Other expenses
B85: Total expenses | C85: =SUM(C79:C84) -> 0 | D85: =SUM(D79:D84) -> 0 | E85: =SUM(E79:E84) -> 0 | F85: =SUM(F79:F84) -> 0 | G85: =SUM(G79:G84) -> 0
B87: Any other activity (O) | I87: Specification of 'Other expenses'
C88: 2013 | D88: 2014 | E88: 2015 | F88: 2016 | G88: 2017
B89: Currency | C89: ='1. General information'!$C$39 -> 0 | D89: ='1. General information'!$C$38 -> 0 | E89: ='1. General information'!$C$37 -> 0 | F89: ='1. General information'!$C$36 -> 0 | G89: ='1. General information'!$C$35 -> 0
B90: Personnel
B91: Energy
B92: Landowner compensation, right-of-way and easement fees
B93: Taxes and levies
B94: Non-grid related telecommunications for third parties (including depreciation)
B95: Other expenses
B96: Total expenses | C96: =SUM(C90:C95) -> 0 | D96: =SUM(D90:D95) -> 0 | E96: =SUM(E90:E95) -> 0 | F96: =SUM(F90:F95) -> 0 | G96: =SUM(G90:G95) -> 0

Sheet 4. P&L
B2: CEER 2018 electricity benchmark financial reporting template: P&L
B4: ='1. General information'!C19 -> 0
B5: ='1. General information'!C20 -> 0
B7: Profit & Loss
B8: (year totals) | C8: 2013 | D8: 2014 | E8: 2015 | F8: 2016 | G8: 2017
B9: Currency | C9: ='1. General information'!$C$39 -> 0 | D9: ='1. General information'!$C$38 -> 0 | E9: ='1. General information'!$C$37 -> 0 | F9: ='1. General information'!$C$36 -> 0 | G9: ='1. General information'!$C$35 -> 0
B10: Revenue from third parties for assets with a usage share >0% and <100% (T-activity)
B11: Revenue from third parties regarding pass-through expenses (T-M-P-activity)
B12: Revenue from third parties regarding pass-through expenses (X-activity)
B13: Revenue from third parties regarding insurance claims (T-M-P activity)
B14: Revenue regarding capitalized labour (T-M-P activity)
B15: Any other revenue (e.g revenue from regulated tariffs, pass-through expenses O-activity)
B16: Total revenue | C16: =SUM(C10:C15) -> 0 | D16: =SUM(D10:D15) -> 0 | E16: =SUM(E10:E15) -> 0 | F16: =SUM(F10:F15) -> 0 | G16: =SUM(G10:G15) -> 0
B18: Expenses excluding A, B, C, and D below
B19: A. Depreciation, impairment and amortisation of assets
B20: B. Finance income and expenses (interest)
B21: C.Taxes on declared annual profits
B22: D. Extraordinary expense and income
B23: Profit and loss according to annual account | C23: =C16-SUM(C18:C22) -> 0 | D23: =D16-SUM(D18:D22) -> 0 | E23: =E16-SUM(E18:E22) -> 0 | F23: =F16-SUM(F18:F22) -> 0 | G23: =G16-SUM(G18:G22) -> 0
B25: Depreciation of grid-related equipment and vehicles
B26: Depreciation of non-grid-related telecommunications, equipment and vehicles
B28: Expenses attributable to activities | C28: =C18+SUM(C25:C26) -> 0 | D28: =D18+SUM(D25:D26) -> 0 | E28: =E18+SUM(E25:E26) -> 0 | F28: =F18+SUM(F25:F26) -> 0 | G28: =G18+SUM(G25:G26) -> 0
B29: Total expenses in activities | C29: ='3. Expenses'!C18+'3. Expenses'!C25+'3. Expenses'!C35+'3. Expenses'!C43+'3. Expenses'!C51+'3. Expenses'!C64+'3. Expenses'!C74+'3. Expenses'!C96+'3. Expenses'!C85 -> 0 | D29: ='3. Expenses'!D18+'3. Expenses'!D25+'3. Expenses'!D35+'3. Expenses'!D43+'3. Expenses'!D51+'3. Expenses'!D64+'3. Expenses'!D74+'3. Expenses'!D96+'3. Expenses'!D85 -> 0 | E29: ='3. Expenses'!E18+'3. Expenses'!E25+'3. Expenses'!E35+'3. Expenses'!E43+'3. Expenses'!E51+'3. Expenses'!E64+'3. Expenses'!E74+'3. Expenses'!E96+'3. Expenses'!E85 -> 0 | F29: ='3. Expenses'!F18+'3. Expenses'!F25+'3. Expenses'!F35+'3. Expenses'!F43+'3. Expenses'!F51+'3. Expenses'!F64+'3. Expenses'!F74+'3. Expenses'!F96+'3. Expenses'!F85 -> 0 | G29: ='3. Expenses'!G18+'3. Expenses'!G25+'3. Expenses'!G35+'3. Expenses'!G43+'3. Expenses'!G51+'3. Expenses'!G64+'3. Expenses'!G74+'3. Expenses'!G96+'3. Expenses'!G85 -> 0
B31: Check: operating expense attributable to activities = total expenses in activities | C31: =C28=C29 -> TRUE | D31: =D28=D29 -> TRUE | E31: =E28=E29 -> TRUE | F31: =F28=F29 -> TRUE | G31: =G28=G29 -> TRUE

Sheet 5. Spec. personnel
B2: CEER 2018 electricity benchmark financial reporting template: Specification personnel
B4: ='1. General information'!C19 -> 0
B5: ='1. General information'!C20 -> 0
B7: All activities
C8: 2013 | D8: 2014 | E8: 2015 | F8: 2016 | G8: 2017
B9: Payroll TSO (average # FTEs)
B10: Payroll group company and carrying out activities for the TSO (average # FTEs)
B11: Temporary personnel carrying out activities for the TSO (average # FTEs)
B12: Minus: Capitalized personnel (average # FTEs)
B13: Total average # FTEs | C13: =SUM(C9:C11)-C12 -> 0 | D13: =SUM(D9:D11)-D12 -> 0 | E13: =SUM(E9:E11)-E12 -> 0 | F13: =SUM(F9:F11)-F12 -> 0 | G13: =SUM(G9:G11)-G12 -> 0
B15: Transport (T)
C16: 2013 | D16: 2014 | E16: 2015 | F16: 2016 | G16: 2017
B17: Currency | C17: 0 | D17: 0 | E17: 0 | F17: 0 | G17: 0
B18: Payroll TSO
B19: Payroll group company
B20: Temporary personnel
B21: Minus: Capitalized personnel expenses
B22: Total non-capitalized personnel expenses | C22: =SUM(C18:C20)-C21 -> 0 | D22: =SUM(D18:D20)-D21 -> 0 | E22: =SUM(E18:E20)-E21 -> 0 | F22: =SUM(F18:F20)-F21 -> 0 | G22: =SUM(G18:G20)-G21 -> 0
B23: Check: non-capitalized personnel expense = personnel expense | C23: =C22='3. Expenses'!C10 -> TRUE | D23: =D22='3. Expenses'!D10 -> TRUE | E23: =E22='3. Expenses'!E10 -> TRUE | F23: =F22='3. Expenses'!F10 -> TRUE | G23: =G22='3. Expenses'!G10 -> TRUE
B25: Grid maintenance (M)
C26: 2013 | D26: 2014 | E26: 2015 | F26: 2016 | G26: 2017
B27: Currency | C27: 0 | D27: 0 | E27: 0 | F27: 0 | G27: 0
B28: Payroll TSO
B29: Payroll group company
B30: Temporary personnel
B31: Minus: Capitalized personnel expenses
B32: Total non-capitalized personnel expenses | C32: =SUM(C28:C30)-C31 -> 0 | D32: =SUM(D28:D30)-D31 -> 0 | E32: =SUM(E28:E30)-E31 -> 0 | F32: =SUM(F28:F30)-F31 -> 0 | G32: =SUM(G28:G30)-G31 -> 0
B33: Check: non-capitalized personnel expense = personnel expense | C33: =C32='3. Expenses'!C23 -> TRUE | D33: =D32='3. Expenses'!D23 -> TRUE | E33: =E32='3. Expenses'!E23 -> TRUE | F33: =F32='3. Expenses'!F23 -> TRUE | G33: =G32='3. Expenses'!G23 -> TRUE
B35: Grid planning (P)
C36: 2013 | D36: 2014 | E36: 2015 | F36: 2016 | G36: 2017
B37: Currency | C37: 0 | D37: 0 | E37: 0 | F37: 0 | G37: 0
B38: Payroll TSO
B39: Payroll group company
B40: Temporary personnel
B41: Minus: Capitalized personnel expenses
B42: Total non-capitalized personnel expenses | C42: =SUM(C38:C40)-C41 -> 0 | D42: =SUM(D38:D40)-D41 -> 0 | E42: =SUM(E38:E40)-E41 -> 0 | F42: =SUM(F38:F40)-F41 -> 0 | G42: =SUM(G38:G40)-G41 -> 0
B43: Check: non-capitalized personnel expense = personnel expense | C43: =C42='3. Expenses'!C30 -> TRUE | D43: =D42='3. Expenses'!D30 -> TRUE | E43: =E42='3. Expenses'!E30 -> TRUE | F43: =F42='3. Expenses'!F30 -> TRUE | G43: =G42='3. Expenses'!G30 -> TRUE
B45: System operation (S)
C46: 2013 | D46: 2014 | E46: 2015 | F46: 2016 | G46: 2017
B47: Currency | C47: 0 | D47: 0 | E47: 0 | F47: 0 | G47: 0
B48: Payroll TSO
B49: Payroll group company
B50: Temporary personnel
B51: Minus: Capitalized personnel expenses
B52: Total non-capitalized personnel expenses | C52: =SUM(C48:C50)-C51 -> 0 | D52: =SUM(D48:D50)-D51 -> 0 | E52: =SUM(E48:E50)-E51 -> 0 | F52: =SUM(F48:F50)-F51 -> 0 | G52: =SUM(G48:G50)-G51 -> 0
B53: Check: non-capitalized personnel expense = personnel expense | C53: =C52='3. Expenses'!C40 -> TRUE | D53: =D52='3. Expenses'!D40 -> TRUE | E53: =E52='3. Expenses'!E40 -> TRUE | F53: =F52='3. Expenses'!F40 -> TRUE | G53: =G52='3. Expenses'!G40 -> TRUE
B55: Market facilitation (X)
C56: 2013 | D56: 2014 | E56: 2015 | F56: 2016 | G56: 2017
B57: Currency | C57: 0 | D57: 0 | E57: 0 | F57: 0 | G57: 0
B58: Payroll TSO
B59: Payroll group company
B60: Temporary personnel
B61: Minus: Capitalized personnel expenses
B62: Total non-capitalized personnel expenses | C62: =SUM(C58:C60)-C61 -> 0 | D62: =SUM(D58:D60)-D61 -> 0 | E62: =SUM(E58:E60)-E61 -> 0 | F62: =SUM(F58:F60)-F61 -> 0 | G62: =SUM(G58:G60)-G61 -> 0
B63: Check: non-capitalized personnel expense = personnel expense | C63: =C62='3. Expenses'!C48 -> TRUE | D63: =D62='3. Expenses'!D48 -> TRUE | E63: =E62='3. Expenses'!E48 -> TRUE | F63: =F62='3. Expenses'!F48 -> TRUE | G63: =G62='3. Expenses'!G48 -> TRUE
B65: Offshore (TO)
C66: 2013 | D66: 2014 | E66: 2015 | F66: 2016 | G66: 2017
B67: Currency | C67: 0 | D67: 0 | E67: 0 | F67: 0 | G67: 0
B68: Payroll TSO
B69: Payroll group company
B70: Temporary personnel
B71: Minus: Capitalized personnel expenses
B72: Total non-capitalized personnel expenses | C72: =SUM(C68:C70)-C71 -> 0 | D72: =SUM(D68:D70)-D71 -> 0 | E72: =SUM(E68:E70)-E71 -> 0 | F72: =SUM(F68:F70)-F71 -> 0 | G72: =SUM(G68:G70)-G71 -> 0
B73: Check: non-capitalized personnel expense = personnel expense | C73: =C72='3. Expenses'!C56 -> TRUE | D73: =D72='3. Expenses'!D56 -> TRUE | E73: =E72='3. Expenses'!E56 -> TRUE | F73: =F72='3. Expenses'!F56 -> TRUE | G73: =G72='3. Expenses'!G56 -> TRUE
B75: Storage facility (SF)
C76: 2013 | D76: 2014 | E76: 2015 | F76: 2016 | G76: 2017
B77: Currency | C77: 0 | D77: 0 | E77: 0 | F77: 0 | G77: 0
B78: Payroll TSO
B79: Payroll group company
B80: Temporary personnel
B81: Minus: Capitalized personnel expenses
B82: Total non-capitalized personnel expenses | C82: =SUM(C78:C80)-C81 -> 0 | D82: =SUM(D78:D80)-D81 -> 0 | E82: =SUM(E78:E80)-E81 -> 0 | F82: =SUM(F78:F80)-F81 -> 0 | G82: =SUM(G78:G80)-G81 -> 0
B83: Check: non-capitalized personnel expense = personnel expense | C83: =C82='3. Expenses'!C69 -> TRUE | D83: =D82='3. Expenses'!D69 -> TRUE | E83: =E82='3. Expenses'!E69 -> TRUE | F83: =F82='3. Expenses'!F69 -> TRUE | G83: =G82='3. Expenses'!G69 -> TRUE
B85: Any other activity (O)
C86: 2013 | D86: 2014 | E86: 2015 | F86: 2016 | G86: 2017
B87: Currency | C87: 0 | D87: 0 | E87: 0 | F87: 0 | G87: 0
B88: Payroll TSO
B89: Payroll group company
B90: Temporary personnel
B91: Minus: Capitalized personnel expenses
B92: Total non-capitalized personnel expenses | C92: =SUM(C88:C90)-C91 -> 0 | D92: =SUM(D88:D90)-D91 -> 0 | E92: =SUM(E88:E90)-E91 -> 0 | F92: =SUM(F88:F90)-F91 -> 0 | G92: =SUM(G88:G90)-G91 -> 0
B93: Check: non-capitalized personnel expense = personnel expense | C93: =C92='3. Expenses'!C90 -> TRUE | D93: =D92='3. Expenses'!D90 -> TRUE | E93: =E92='3. Expenses'!E90 -> TRUE | F93: =F92='3. Expenses'!F90 -> TRUE | G93: =G92='3. Expenses'!G90 -> TRUE
B95: Indirect (I)
C96: 2013 | D96: 2014 | E96: 2015 | F96: 2016 | G96: 2017
B97: Currency | C97: 0 | D97: 0 | E97: 0 | F97: 0 | G97: 0
B98: Payroll TSO
B99: Payroll group company
B100: Temporary personnel
B101: Minus: Capitalized personnel expenses
B102: Total non-capitalized personnel expenses | C102: =SUM(C98:C100)-C101 -> 0 | D102: =SUM(D98:D100)-D101 -> 0 | E102: =SUM(E98:E100)-E101 -> 0 | F102: =SUM(F98:F100)-F101 -> 0 | G102: =SUM(G98:G100)-G101 -> 0
B103: Check: non-capitalized personnel expense = personnel expense | C103: =C102='3. Expenses'!C79 -> TRUE | D103: =D102='3. Expenses'!D79 -> TRUE | E103: =E102='3. Expenses'!E79 -> TRUE | F103: =F102='3. Expenses'!F79 -> TRUE | G103: =G102='3. Expenses'!G79 -> TRUE

Sheet Remarks
B2: CEER 2018 electricity benchmark financial reporting template: Remarks
C4: Remarks
B5: 2a. (Dis)investment stream
B6: 2b. Specification used assets
B7: 2c. Specification rehabilitations
B8: 2c Rehabilitation policy | C8: Please specify: a) whether the 25% limit is a problem for you, because you do not reach the 25% in one year but in 2-5 years b) your rehabilitation policy
B9: 3. Expenses
B10: 4. P&L
B11: 5. Specification personnel
